 Dungeon Crawl Stone Soup version 0.17-a0-1210-g1e4f09d (webtiles) character file.

236 wvc the Cudgeler (level 5, -4/41 HPs)
             Began as a Mummy Fighter on June 3, 2015.
             Slain by Pikel
             ... wielding a +2 whip of electrocution
              (6 damage)
             ... on level 3 of the Dungeon.
             The game lasted 00:14:20 (3609 turns).

wvc the Cudgeler (Mummy Fighter)                    Turns: 3609, Time: 00:14:21

Health: -4/41      AC:  7    Str: 19    XL:     5   Next: 77%
Magic:  5/5        EV:  7    Int:  8    God:
Gold:   282        SH:  8    Dex: 12    Spells: 0 memorised, 4 levels left

rFire  x . .     SeeInvis .     p - +0 blowgun
rCold  + . .     Clarity  .     f - +0 scale mail
rNeg   + + +     SustAt   .     c - +0 shield
rPois  ∞         Gourm    .     (no helmet)
rElec  .         Spirit   .     (no cloak)
rCorr  .         Warding  .     (no gloves)
rMut   .         Stasis   .     d - +0 pair of boots
MR     .....                    (no amulet)
Stlth  ..........               (no ring)
                                (no ring)

@: not resistant to hostile enchantments, extremely unstealthy
A: no food or potions, fire vulnerability, cold resistance 1, negative energy
resistance 3, torment resistance, unbreathing
a: no special abilities


You were on level 3 of the Dungeon.
You were not hungry.

You visited 1 branch of the dungeon, and saw 4 of its levels.

You collected 282 gold pieces.

Inventory:

Hand weapons
 a - a +0 flail
 b - a +0 hunting sling
 p - a +0 blowgun (weapon)
Missiles
 g - 150 stones
 l - 16 exploding sling bullets
 m - 31 sling bullets
 o - 10 poisoned needles (quivered)
Armour
 c - a +0 shield (worn)
 d - a +0 pair of boots (worn)
 f - a +0 scale mail (worn)
Scrolls
 e - a scroll of magic mapping
 h - a scroll of immolation
 i - a scroll of fear
 j - 2 scrolls of blinking
 k - a scroll of remove curse
 n - a scroll of amnesia
 q - a scroll of identify


   Skills:
 - Level 3.0 Fighting
 + Level 4.7 Maces & Flails
 - Level 2.4 Armour
 - Level 1.4 Dodging
 - Level 2.4 Shields


You had 4 spell levels left.
You didn't know any spells.

Dungeon Overview and Level Annotations

Branches:
Dungeon (4/15)
 Temple: D:4-7

Altars:
Dithmenos
Elyvilon

Annotations:
D:3 Pikel
D:4 patman's ghost, experienced HuCK


Innate Abilities, Weirdness & Mutations

You do not eat or drink.
Your flesh is vulnerable to fire.
You are immune to poison.
Your flesh is cold resistant.
You are immune to negative energy.
You are immune to unholy pain and torment.
You can survive without breathing.


Message History

Pikel waves his whip at you. You block Pikel's attack.
Pikel says, "You'll feel the lick of my whip!"
Firing (i - inventory. (,) - cycle):
o - 12 poisoned needles (quivered)
Press: ? - help, Shift-Dir - straight line, f/p - Pikel
Aim: Pikel, wielding a whip of electrocution and wearing a robe (heavily wounded)
You shoot a poisoned needle.
The poisoned needle closely misses Pikel.
Pikel barely misses you. The slave hits you.
Firing (i - inventory. (,) - cycle):
o - 11 poisoned needles (quivered)
Press: ? - help, Shift-Dir - straight line, f/p - Pikel
Aim: Pikel, wielding a whip of electrocution and wearing a robe (heavily wounded)
You shoot a poisoned needle. The poisoned needle hits Pikel!
Pikel is poisoned.
Pikel is heavily wounded.
Pikel hits you but does no damage.
You are electrocuted!
* * * LOW HITPOINT WARNING * * *
The slave hits you but does no damage. Pikel waves his whip at you.
Pikel hits you with a whip of electrocution.
You die...

#....######.........<..........
###....# ##....................
#......#####.....................
#................................
#.............................###
###..............#............# #
#..............#....###########
##.............####.####..(....
######.#........@#.......(.......
#...........#....K...............
#..............)...........(...(#
#...............................#
#..................>............#
#............................>.(#
#...........................)...#
#......####......................
######## #......................


You could see Pikel.

Vanquished Creatures
  2 slaves (D:2)
  Ijyb (D:2)
  Jessica (D:2)
  7 adders
  3 oozes (D:2)
  4 worms
  7 orcs
  9 bats
  4 giant cockroaches
  9 goblins
  6 hobgoblins
  16 kobolds
  2 quokkas
  2 giant geckos
  6 giant newts
  2 jackals (D:2)
  14 rats
95 creatures vanquished.

Notes
Turn   | Place    | Note
--------------------------------------------------------------
     0 | D:1      | wvc the Mummy Fighter began the quest for the Orb.
     0 | D:1      | Reached XP level 1. HP: 18/18 MP: 1/1
   305 | D:1      | Reached XP level 2. HP: 22/24 MP: 2/2
   345 | D:1      | Reached skill level 1 in Dodging
   689 | D:1      | Found a shadowy altar of Dithmenos.
   841 | D:2      | Reached XP level 3. HP: 18/29 MP: 3/3
  1069 | D:2      | Found a white marble altar of Elyvilon.
  1201 | D:2      | Noticed Jessica
  1201 | D:2      | Noticed Ijyb
  1225 | D:2      | Killed Ijyb
  1225 | D:2      | Reached XP level 4. HP: 35/35 MP: 4/4
  1240 | D:2      | Killed Jessica
  1553 | D:2      | Reached skill level 4 in Maces & Flails
  1553 | D:2      | Reached XP level 5. HP: 37/41 MP: 5/5
  2865 | D:4      | Noticed patman's ghost (experienced HuCK)
  2905 | D:4      | Noticed a slave
  2905 | D:4      | Noticed a slave
  2907 | D:4      | Noticed Pikel
  2907 | D:4      | Noticed a slave
  2908 | D:4      | Noticed a slave
  2964 | D:2      | Killed a slave
  3241 | D:2      | Killed a slave
  3599 | D:3      | HP: 1/41 [Pikel/whip of electrocution (12)]
  3609 | D:3      | Slain by Pikel

Vault maps used:
D:1:      dpeg_arrival_water_altar, corexii_hall_statues_i, st_stairs_11
D:2:      serial_bayou, serial_bayou_crossing, serial_bayou_pond_b,
          serial_bayou_pond_b, serial_bayou_ford_a, lemuel_tele_altar,
          uniq_jessica, uniq_iyjb
D:4:      nicolae_qazlal_style_of_elements, first_bread, uniq_pikel

Action                   |  1- 3 |  4- 6 || total
-------------------------+-------+-------++-------
Melee: Flail             |   128 |   224 ||   352
 Fire: Hunting sling     |     9 |    31 ||    40
       Blowgun           |       |    11 ||    11
Throw: Stone             |     4 |    18 ||    22
  Use: Scroll            |       |     7 ||     7
